 Dungeon Crawl Stone Soup version 0.28.0-49-g6dfe1f597d (webtiles) character file.

Game seed: 5984855113162528062

147 promet the Magician (level 5, -3/28 HPs)
             Began as a Deep Elf Venom Mage on May 12, 2022.
             Was a Believer of Sif Muna.
             Slain by a kobold brigand
             ... wielding a +1 short sword of speed
              (4 damage)
             ... in a sewer.
             The game lasted 00:20:35 (3228 turns).

promet the Magician (Deep Elf Venom Mage)           Turns: 3228, Time: 00:20:35

Health: -3/28      AC: 18    Str:  7      XL:     5   Next: 8%
Magic:  1/13       EV: 12    Int: 17 (20) God:    Sif Muna [**....]
Gold:   93         SH:  0    Dex: 15      Spells: 10/13 levels left

rFire   + . .      SeeInvis +   a - +0 dagger (protect)
rCold   . . .      Faith    .   (no shield)
rNeg    . . .      Spirit   .   q - +3 leather armour {rF+}
rPois   .          Reflect  .   m - +0 helmet
rElec   .          Harm     .   l - +3 cloak of Failure {Stlth+}
rCorr   .          Rampage  .   (no gloves)
Will    .....                   (no boots)
Stlth   +++.......              (no amulet)
HPRegen 0.09/turn               o - ring of see invisible
MPRegen 0.13/turn               (no ring)

@: under a protective aura
A: no striking features
a: Renounce Religion, Channel Magic


You were in a sewer.
You worshipped Sif Muna.
Sif Muna was pleased with you.
You visited 1 branch of the dungeon, and saw 3 of its levels.
You also visited: Sewer.

You collected 93 gold pieces.

Inventory:

Hand Weapons
 a - a +0 dagger of protection (weapon)
 f - a +0 war axe
 j - a +0 short sword
 n - a +1 long sword of holy wrath
 p - a +1 dagger of flaming
 s - a +1 whip of venom
Missiles
 b - 4 datura-tipped darts
 c - 44 arrows
 d - 122 stones (quivered)
 h - 5 poisoned darts
Armour
 e - a +0 robe
 l - the +3 cloak of Failure (worn) {Stlth+}
   (You found it on level 2 of the Dungeon)

   Stlth:     It makes you more stealthy.
 m - a +0 helmet (worn)
 q - a +3 leather armour of fire resistance (worn)
Jewellery
 o - a ring of see invisible (left hand)
Wands
 r - a wand of iceblast (2)
Scrolls
 i - a scroll of identify
Potions
 g - a potion of flight
 k - a potion of cancellation
 t - 2 potions of resistance {unknown}


   Skills:
 + Level 0.4 Short Blades
 + Level 1.0 Throwing
 * Level 3.1 Dodging
 + Level 2.8 Stealth
 + Level 0.1 Unarmed Combat
 * Level 4.5 Spellcasting
 + Level 1.6 Transmutations
 + Level 0.4 Air Magic
 + Level 4.4 Poison Magic


You had 10 spell levels left.
You knew the following spells:

 Your Spells              Type           Power      Damage    Failure   Level
a - Sting                 Tmut/Pois      56%        1d5       6%          1
b - Poisonous Vapours     Pois/Air       24%        N/A       13%         2

Your spell library contained the following spells:

 Spells                   Type           Power      Damage    Failure   Level
 Mephitic Cloud           Conj/Pois/Air  9%         N/A       34%         3
 Olgreb's Toxic Radiance  Pois           19%        N/A       34%         4


Dungeon Overview and Level Annotations

Branches:
Dungeon (3/15)              Sewer (1/1)

Altars:
Sif Muna


Message History

Aiming: Sting (safe; 6% risk of failure)
Press: ? - help, Shift-Dir - straight line, f/p - kobold brigand
Aim: a kobold brigand, wielding a +1 short sword of speed and quivering poisoned darts (heavily wounded, very poisoned, 64% to hit)
The sting misses the kobold brigand.
The sting hits the plant.
The plant partially resists.
The plant is poisoned.
The plant begins to die.
The plant is lightly damaged.
The kobold brigand barely misses you. The kobold brigand closely misses you.
Casting: Sting (safe; 6% risk of failure)
Confirm with . or Enter, or press ? or * to list all spells.
Aiming: Sting (safe; 6% risk of failure)
Press: ? - help, Shift-Dir - straight line, f/p - kobold brigand
Aim: a kobold brigand, wielding a +1 short sword of speed and quivering poisoned darts (heavily wounded, very poisoned, 64% to hit)
The sting misses the kobold brigand.
The sting hits the plant.
The plant partially resists.
The plant is lightly damaged.
The kobold brigand hits you with a +1 short sword of speed.
* * * LOW HITPOINT WARNING * * *
Your +1 whip of venom stops dripping with poison.
Your +0 dagger of protection hums with potential!
a - a +0 dagger of protection (weapon)
The kobold brigand hits you but does no damage.
You closely miss the kobold brigand.
The kobold brigand is heavily wounded.
The kobold brigand closely misses you.
You hit the kobold brigand but do no damage.
Your weapon exudes an aura of protection.
The kobold brigand is heavily wounded.
A nearby plant withers and dies.
The kobold brigand misses you. The kobold brigand barely misses you.
You hit the kobold brigand.
The kobold brigand is severely wounded.
The kobold brigand hits you with a +1 short sword of speed!
* * * LOW HITPOINT WARNING * * *
You barely miss the kobold brigand.
The kobold brigand is severely wounded.
The kobold brigand misses you. The kobold brigand barely misses you.
You closely miss the kobold brigand.
The kobold brigand is almost dead.
The kobold brigand hits you with a +1 short sword of speed.
You die...

#≈≈≈.P## #≈..P≈≈≈≈
#≈≈≈.P.# ##.≈†.##
######.##≈# #≈....≈#
#≈≈≈≈≈..#≈# ##≈.≈..≈#
######P.#≈# #.≈######
##≈≈≈....#≈###K.≈≈≈≈≈#
#≈≈≈≈≈.∩.#≈##r≈.######
##≈≈≈≈.∩.#≈#.≈.≈≈.≈..#
##≈≈≈.†@#≈#..≈≈.≈≈..#
##≈≈≈.†K..≈..≈≈≈..P#
##≈≈.††..≈.#.≈..PP≈.
###.....≈.###.P..##
######### #####


You could see a kobold brigand (very poisoned).

Vanquished Creatures
  Ijyb (D:3)
  Robin (D:3)
  5 adders
  A worm (D:2)
  A dart slug (D:1)
  4 orcs (D:3)
  A bat (D:2)
  4 endoplasms
  A giant cockroach (D:1)
  11 goblins
  5 hobgoblins
  2 jackals (Sewer)
  3 kobolds
  A quokka (D:2)
  4 ball pythons
  6 frilled lizards
  7 rats
58 creatures vanquished.

Vanquished Creatures (others)
  17 plants (Sewer)
17 creatures vanquished.

Grand Total: 75 creatures vanquished

Notes
Turn   | Place    | Note
-------+----------+-------------------------------------------
     0 | D:1      | promet the Deep Elf Venom Mage began the quest for the Orb.
     0 | D:1      | Reached XP level 1. HP: 10/10 MP: 6/6
   740 | D:1      | Reached XP level 2. HP: 15/15 MP: 4/8
   774 | D:1      | Found a faded altar of an unknown god.
   783 | D:1      | Prayed at the altar of an unknown god.
   783 | D:1      | Became a worshipper of Sif Muna the Loreminder
   783 | D:1      | Reached * piety under Sif Muna
  1426 | D:2      | Identified the +3 cloak of Failure {Stlth+}
  1627 | D:2      | Reached XP level 3. HP: 4/19 MP: 3/9
  2043 | D:2      | Learned a level 2 spell: Poisonous Vapours
  2084 | D:2      | Reached skill level 1 in Throwing
  2368 | D:3      | Noticed Robin
  2519 | D:3      | Killed Robin
  2522 | D:3      | Reached ** piety under Sif Muna
  2587 | D:3      | Reached XP level 4. HP: 24/24 MP: 5/11
  2657 | D:3      | Noticed Ijyb
  2681 | D:3      | Killed Ijyb
  2970 | D:3      | Found a glowing drain.
  2991 | Sewer    | Entered a sewer
  3190 | Sewer    | Noticed a kobold brigand
  3206 | Sewer    | Reached XP level 5. HP: 27/28 MP: 7/13
  3226 | Sewer    | HP: 1/28 [kobold brigand/+1 short sword of speed (7)]
  3228 | Sewer    | Slain by a kobold brigand

Illustrated notes

Levels and vault maps discovered:
D:1:      moated_graveyard_arrival, layout_basic,
          chequers_ecumenical_altar_island
D:2:      layout_basic, minmay_misc_feat_plants, serial_bayou_pond_d
D:3:      layout_rooms, portal_sewer_entry_d, minivault_27, uniq_ijyb,
          uniq_robin
Sewer:    sewer_co_scattered_pipes

Skill      XL: |  1  2  3  4 |
---------------+-------------+-----
Throwing       | 1 |  1.0
Poison Magic   | 4 |  4.4
Dodging        | 3 |  3.1
Spellcasting   | 4 |  4.5
Short Blades   | |  0.4
Stealth        | |  2.8
Unarmed Combat | |  0.1
Transmutations | |  1.6
Air Magic      | |  0.4

Action                   |  1- 3 |  4- 6 || total
-------------------------+-------+-------++-------
Melee: Unarmed           |     4 |       ||     4
       Short sword       |     9 |       ||     9
       Dagger            |    80 |    28 ||   108
       Punch             |     3 |       ||     3
       Whip              |       |     6 ||     6
Throw: Stone             |    21 |       ||    21
 Cast: Sting             |    49 |    23 ||    72
       Poisonous Vapours |     8 |    15 ||    23
  Use: Scroll            |     4 |       ||     4
       Potion            |     4 |     1 ||     5
 Stab: Sleeping          |     6 |       ||     6
Armor: Robe              |    43 |     1 ||    44
       Leather armour    |       |    26 ||    26
Dodge: Dodged            |    76 |    42 ||   118
